 Dungeon Crawl Stone Soup version bcrawl-1.28 (webtiles) character file.

Game seed: 1046419004098807726

343035 funkygono the Destroyer (level 10, -2/88 HPs)
             Began as a Fairy Conjurer on Nov 19, 2020.
             Slain by a fire elemental (5 damage)
             ... summoned by a deep elf mage
             ... on level 7 of the Dungeon.
             The game lasted 00:15:19 (5852 turns).

funkygono the Destroyer (Fairy Conjurer)            Turns: 5852, Time: 00:15:20

Health: -2/88      AC: 25    Str: 11    XL:     10   Next: 5%
Magic:  17/26      EV:  1    Int: 21    God:
Gold:   484        SH:  6    Dex: 10    Spells: 24/30 levels left

rFire    . . .     SeeInvis +   f - +1 dagger
rCold    + . .     Gourm    .   (shield restricted)
rNeg     + + +     Faith    .   (armour unavailable)
rPois    +         Spirit   .   (helmet currently unavailable)
rElec    .         Reflect  .   (cloak currently unavailable)
rCorr    .         Harm     .   (gloves currently unavailable)
MR       +....     NoTele   +   (boots currently unavailable)
Stlth    +.........             (no amulet)
HPRegen  0.24/turn              m - ring of protection from cold
MPRegen  0.20/turn              l - ring of Lyntaif {+Fly rPois Dex-4 SInv}

@: mighty, tree-form, very slightly contaminated, invisible
A: giant, magic attunement, unstealthy, unfitting armour, AC/SH +6
a: no special abilities


You were on level 7 of the Dungeon.
You were not hungry.
You were a tree.
You visited 1 branch of the dungeon, and saw 7 of its levels.

You collected 484 gold pieces.

Inventory:

Hand Weapons
 f - a +1 dagger (weapon)
Armour
 o - a +2 pair of boots (melded)
 x - a +2 pair of gloves (melded)
Jewellery
 j - the ring "Edghomp" {+Fly Dex+2}
   (You found it on level 2 of the Dungeon)

   [ring of flight]

   It affects your dexterity (+2).
   It lets you fly.
 l - the ring of Lyntaif (right branch) {+Fly rPois Dex-4 SInv}
   (You found it on level 2 of the Dungeon)

   [ring of flight]

   It affects your dexterity (-4).
   It protects you from poison.
   It lets you see invisible.
   It lets you fly.
 m - a ring of protection from cold (left branch)
Wands
 w - a wand of iceblast (11)
 y - a wand of acid (5)
Scrolls
 r - 2 scrolls of magic mapping
 s - a scroll of immolation
 u - a scroll of amnesia
 v - 3 scrolls of teleportation
Potions
 b - a potion of magic
 d - 2 potions of might
 h - a potion of ambrosia {unknown}
 i - 2 potions of agility
 k - a potion of mutation {unknown}
 n - a potion of lignification
 p - a potion of heal wounds {unknown}
 q - a potion of resistance {unknown}
 t - 3 potions of curing
 z - a potion of berserk rage {unknown}
Comestibles
 e - 11 rations {!d}
 A - 6 chunks of flesh


   Skills:
 + Level 1.4 Fighting
 * Level 8.4 Dodging
 - Level 1.5 Stealth
 * Level 10.7 Spellcasting
 * Level 11.3 Conjurations


You had 24 spell levels left.
You knew the following spells:

 Your Spells              Type           Power        Failure   Level  Hunger
a - Magic Dart            Conj           ####         1%          1    None
b - Searing Ray           Conj           ######..     1%          2    None
c - Iskenderun's Mystic   Conj           ######..     1%          3    None

Your spell library contained the following spells:

 Spells                   Type           Power        Failure   Level  Hunger
 Conjure Flame            Conj/Fire      #####...     1%          3    None
 Mephitic Cloud           Conj/Pois/Air  ####....     3%          3    None
 Fulminant Prism          Conj/Hex       #####.....   6%          4    None
 Blink                    Tloc           N/A          9%          2    None
 Call Imp                 Summ           ##....       9%          2    None
 Irradiate                Conj/Tmut      #####.....   16%         5    None
 Spider Form              Tmut/Pois      ##.          19%         3    None


Dungeon Overview and Level Annotations

Branches:
Dungeon (7/12)
 Temple: D:4-7         Lair: D:7-9

Altars:
Makhleb
Ru
Xom
Zin

Shops:
D:6 %


Innate Abilities, Weirdness & Mutations

Your spells do not cause hunger and MP costs are reduced by 1.
Your bright wings attract enemies. (Stealth-)
You cannot fit into any form of body armour.
((Your shimmering scales are hard and can block incoming attacks. (AC +6, SH +6)))
You are small and have problems with some larger weapons.
((You can fly continuously.))


Message History

The fire elemental hits you. The deep elf mage casts a spell at you.
The bolt of fire misses the fire elemental.
The bolt of fire hits you but does no damage.
Okay, then.
You feel very mighty all of a sudden. You block the fire elemental's attack.
The fire elemental hits you.
Unknown command.
It was a potion of invisibility.
You fade into invisibility!
The fire elemental hits you. The fire elemental burns you!
* * * LOW HITPOINT WARNING * * *
The fire elemental hits you. The fire elemental burns you!
* * * LOW HITPOINT WARNING * * *
You are very lightly contaminated with residual magic.
Some of the chunks of flesh in your inventory have rotted away.
It was a potion of flight.
Your roots keep you in place.
You block the fire elemental's attack. The fire elemental hits you.
The fire elemental burns you!
You die...

#.........
#.....cH. #.......#
###...c...###
...........
##.#.......#
....)......#
#########'#######
#....(..#..EeEā™£.#
#.#####.######E###
###.# #.# #....#
..#.# #.# #....#
....# #.# #....#
....# #.# #...[#
....# #.#####.(..#
....# #..........#
....## #######....#


You could see a deep elf mage and 3 fire elementals.

Vanquished Creatures
  A troll (D:6)
  Prince Ribbit (D:6)
  2 hippogriffs
  A shadow (D:7)
  Sigmund (D:6)
  A crocodile (D:7)
  A sky beast (D:5)
  2 ice beasts (D:5)
  3 ogres
  A centaur (D:7)
  Blork the orc (D:5)
  2 bullfrogs
  2 big kobolds (D:3)
  A gnoll sergeant (D:6)
  A scorpion (D:5)
  5 killer bees (D:7)
  3 crimson imps
  2 centaur zombies
  A centaur skeleton (D:6)
  6 hounds
  An orc priest (D:5)
  2 orc wizards
  2 bullfrog skeletons
  2 iguanas (D:7)
  8 worker ants
  A hound skeleton (D:6)
  A howler monkey zombie (D:6)
  3 gnolls (D:6)
  2 adders
  A shadow imp (D:5)
  2 adder skeletons
  An adder zombie (D:6)
  4 worms
  3 leopard geckos
  15 orcs
  6 bats
  3 giant cockroaches
  4 goblins
  10 hobgoblins
  12 jackals
  4 quokkas
  A ball python (D:1)
  7 frilled lizards
  18 kobolds
  A quokka skeleton (D:4)
  6 rats
158 creatures vanquished.

Vanquished Creatures (others)
  11 fungi (D:5)
11 creatures vanquished.

Grand Total: 169 creatures vanquished

Notes
Turn   | Place    | Note
-------+----------+-------------------------------------------
     0 | D:1      | funkygono the Fairy Conjurer began the quest for the Orb.
     0 | D:1      | Reached XP level 1. HP: 11/11 MP: 6/6
    20 | D:1      | Reached skill level 5 in Conjurations
   105 | D:1      | Reached XP level 2. HP: 17/17 MP: 7/7
   109 | D:1      | Learned a level 2 spell: Searing Ray
   878 | D:2      | Reached XP level 3. HP: 21/21 MP: 9/9
   883 | D:2      | Learned a level 3 spell: Iskenderun's Mystic Blast
   931 | D:2      | Got a wavering glass ring
   932 | D:2      | Identified the ring "Edghomp" {+Fly Dex+2} (You found it on
                  | level 2 of the Dungeon)
   953 | D:2      | Got a brightly glowing platinum ring
   954 | D:2      | Identified the ring of Lyntaif {+Fly rPois Dex-4 SInv} (You
                  | found it on level 2 of the Dungeon)
  1192 | D:2      | Reached skill level 6 in Conjurations
  1379 | D:2      | Reached XP level 4. HP: 27/27 MP: 8/10
  1896 | D:3      | Reached XP level 5. HP: 31/31 MP: 9/12
  1977 | D:3      | Noticed a big kobold
  2062 | D:3      | Noticed a big kobold
  2068 | D:3      | Killed a big kobold
  2068 | D:3      | Reached skill level 7 in Conjurations
  2081 | D:3      | Killed a big kobold
  2081 | D:3      | Reached XP level 6. HP: 30/36 MP: 1/14
  2429 | D:3      | Found a shimmering altar of Xom.
  2727 | D:4      | Reached skill level 5 in Spellcasting
  2750 | D:4      | Reached skill level 8 in Conjurations
  2782 | D:4      | Reached XP level 7. HP: 32/42 MP: 12/17
  2991 | D:4      | Found a sacrificial altar of Ru.
  3177 | D:4      | Found a burning altar of Makhleb.
  3520 | D:5      | Entered Level 5 of the Dungeon
  3552 | D:5      | Found a glowing silver altar of Zin.
  3613 | D:5      | Noticed Blork the orc
  3618 | D:5      | Killed Blork the orc
  3618 | D:5      | Reached skill level 9 in Conjurations
  3776 | D:5      | Reached XP level 8. HP: 47/47 MP: 14/20
  4586 | D:6      | Noticed a troll
  4593 | D:6      | Killed a troll
  4593 | D:6      | Reached skill level 1 in Fighting
  4593 | D:6      | Reached skill level 10 in Conjurations
  4652 | D:5      | Reached skill level 5 in Dodging
  4734 | D:5      | Reached XP level 9. HP: 22/53 MP: 20/23
  4904 | D:6      | Noticed Sigmund
  5021 | D:6      | Killed Sigmund
  5164 | D:6      | Noticed Prince Ribbit
  5192 | D:6      | Killed Prince Ribbit
  5410 | D:6      | Found Poipnynk's Food Shoppe.
  5599 | D:7      | Reached skill level 10 in Spellcasting
  5613 | D:7      | Reached skill level 11 in Conjurations
  5835 | D:7      | Reached XP level 10. HP: 59/59 MP: 20/26
  5840 | D:7      | Noticed a deep elf mage
  5851 | D:7      | HP: 2/88 [fire elemental[a deep elf mage] (4)]
  5852 | D:7      | Slain by a fire elemental

Skill      XL: |  1  2  3  4  5  6  7  8  9 |
---------------+----------------------------+-----
Conjurations   | 5 6 7 8 9 10 11 | 11.3
Dodging        | 3 4 5 8 |  8.4
Spellcasting   | 3 4 5 6 8 10 | 10.7
Fighting       | 1 |  1.4
Stealth        | |  1.5

Action                   |  1- 3 |  4- 6 |  7- 9 | 10-12 || total
-------------------------+-------+-------+-------+-------++-------
 Cast: Magic Dart        |    49 |    58 |    72 |       ||   179
       Searing Ray       |    12 |    17 |    45 |     1 ||    75
       Iskenderun's Myst |       |     1 |    19 |       ||    20
  Use: Scroll            |     3 |     9 |     6 |       ||    18
       Potion            |       |       |       |     5 ||     5
  Eat: Chunk             |     2 |     4 |     9 |       ||    15
       Ration            |       |     1 |       |       ||     1
Armor: Skin              |     3 |     2 |    27 |     9 ||    41
Dodge: Dodged            |    14 |    16 |    84 |       ||   114
Block: Other             |     7 |     1 |    36 |     2 ||    46
